 Dungeon Crawl Stone Soup version 0.31-a0-115-g4708a659fe (webtiles) character file.

Game seed: 3314668357714966911

74 frimble the Grasshopper (level 4, 0/30 HPs)
             Began as an Octopode Warper on May 30, 2023.
             Slain by an orc wizard
             ... wielding a +0 dagger
              (5 damage)
             ... on level 3 of the Dungeon.
             The game lasted 00:02:40 (2284 turns).

frimble the Grasshopper (Octopode Warper)           Turns: 2284, Time: 00:02:41

Health: 0/30       AC:  1    Str: 10    XL:     4   Next: 30%
Magic:  5/7        EV: 13    Int: 17    God:
Gold:   109        SH:  0    Dex: 11    Spells: 0/7 levels left

rFire   . . .        a - +0 short sword
rCold   . . .        (no shield)
rNeg    . . .        (helmet restricted)
rPois   +            i - amulet of regeneration
rElec   .            o - ring of poison resistance
rCorr   .            (no ring)
SInv    .            (no ring)
Will    .....        (no ring)
Stlth   +++          (no ring)
HPRegen 1.05/turn    (no ring)
MPRegen 0.10/turn    (no ring)
                     (no ring)

%: no passive effects
@: very slightly contaminated
A: almost no armour, amphibious, 8 rings, camouflage 1, gelatinous body 1,
(nimble swimmer 1), tentacles
a: no special abilities


You were on level 3 of the Dungeon.
You visited 1 branch of the dungeon, and saw 3 of its levels.

You collected 109 gold pieces.

Inventory:

Hand Weapons
 a - a +0 short sword (weapon)
Missiles
 c - 7 boomerangs of dispersal (quivered)
Jewellery
 d - a ring of ice
 i - an amulet of regeneration (around mantle)
 m - an amulet of reflection
 o - a ring of poison resistance (left tentacle)
 w - an amulet of the acrobat
Wands
 x - a wand of digging (5)
Scrolls
 b - a scroll of blinking
 f - 2 scrolls of teleportation {unknown}
 h - a scroll of immolation {unknown}
 j - 2 scrolls of identify {unknown}
 k - a scroll of fear {unknown}
 l - 2 scrolls of acquirement {unknown}
 r - a scroll of torment {unknown}
 t - a scroll of fog {unknown}
 u - a scroll of poison {unknown}
Potions
 e - 3 potions of invisibility {unknown}
 g - 2 potions of curing {unknown}
 n - 2 potions of ambrosia {unknown}
 p - 2 potions of lignification {unknown}
 q - a potion of berserk rage {unknown}
 s - 2 potions of haste {unknown}
 v - a potion of brilliance {unknown}


   Skills:
 + Level 2.9 Fighting
 + Level 2.8 Short Blades
 - Level 1.0 Throwing
 - Level 2.3 Dodging
 + Level 2.7 Stealth
 + Level 2.1 Spellcasting
 + Level 3.1 Translocations
 + Level 0.0 Ice Magic


You couldn't memorise any spells.
You knew the following spells:

 Your Spells              Type           Power      Damage    Failure   Level
a - Blink                 Tloc           24%        N/A       8%          2
b - Passwall              Tmut/Erth      0%         N/A       28%         2
c - Frozen Ramparts       Ice            4%         1d1       50%         3

Your spell library contained the following spells:

 Spells                   Type           Power      Damage    Failure   Level
 Lesser Beckoning         Tloc           24%        N/A       8%          2
 Teleport Other           Tloc           12%        N/A       16%         3
 Magic Dart               Conj           4%         1d3       19%         1
 Sandblast                Erth           2%         2d4       19%         1
 Call Imp                 Summ           2%         N/A       28%         2
 Vhi's Electric Charge    Tloc/Air       14%        N/A       30%         3
 Manifold Assault         Tloc           12%        N/A       45%         4
 Mephitic Cloud           Conj/Pois/Air  1%         N/A       50%         3
 Stone Arrow              Conj/Erth      2%         3d7       50%         3
 Ice Form                 Ice/Tmut       1%         N/A       88%         4
 Summon Ice Beast         Ice/Summ       1%         N/A       88%         4


Dungeon Overview and Level Annotations

Branches:
Dungeon (3/15)

Altars:

Shops:
D:1 ??*   D:2 =


Innate Abilities, Weirdness & Mutations

You cannot wear most types of armour.
You are amphibious.
You can wear up to eight rings at the same time.
Your skin changes colour to match your surroundings (Stealth+).
Your rubbery body absorbs attacks. (AC +1, EV +1)
((You are camouflaged when in or above water. (Stealth+)))
You have tentacles for arms and can constrict up to eight enemies at once.


Message History

No target in view!
No target in view!
No target in view!
Something hits you but does no damage.
Items here: )) [ ††.
You closely miss something. Your squeeze misses something. Something hits you.
You miss something.
You hear some strange, mumbled words.
A magic dart appears from out of thin air!
The magic dart hits you!
You miss something. You squeeze something. You miss something.
Something barely misses you.
You closely miss something. Your squeeze misses something.
You hear some strange, mumbled words.
A magic dart appears from out of thin air!
The magic dart hits you.
You miss something. Something hits you.
You barely miss something. Something hits you.
You closely miss something. Your squeeze misses something. Something hits you.
You closely miss something. Your squeeze misses something. Something hits you.
You hit something but do no damage. Something barely misses you.
You closely miss something. Your squeeze misses something. You miss something.
You hear some strange, mumbled words.
Something tries to affect you, but you resist.
You barely miss something. Your squeeze misses something. Something hits you.
You hit something. Your squeeze misses something.
You hear some strange, mumbled words.
A puff of flame appears from out of thin air!
The puff of flame hits you!
* * * LOW HITPOINT WARNING * * *
You closely miss something. Your squeeze misses something. Something hits you.
* * * LOW HITPOINT WARNING * * *
You miss something. Something hits you.
* * * LOW HITPOINT WARNING * * *
Cast which spell? (? or * to list)
You miscast Blink.
You are very lightly contaminated with residual magic.
Nothing appears to happen.
Something hits you.
You die...

.........#
......##.# ..#
.....### # #)#
......... #.#
######### #.# #
#.# #.# #{# #@#
#.#
################)#
.................#
##################


There were no monsters in sight!

Vanquished Creatures
  An adder (D:2)
  A worm (D:2)
  2 dart slugs
  4 orcs (D:3)
  6 endoplasms
  5 giant cockroaches
  8 goblins
  2 hobgoblins
  2 quokkas
  2 ball pythons (D:1)
  7 bats
  4 frilled lizards
  2 kobolds
  7 rats
53 creatures vanquished.

Notes
Turn   | Place    | Note
-------+----------+-------------------------------------------
     0 | D:1      | frimble the Octopode Warper began the quest for the Orb.
     0 | D:1      | Reached XP level 1. HP: 14/14 MP: 3/3
   123 | D:1      | Found Bylarph's Assorted Antiques.
   184 | D:1      | Reached skill level 1 in Stealth
   223 | D:1      | Reached XP level 2. HP: 15/19 MP: 5/5
   549 | D:1      | Found Acwaj's Magic Scroll Emporium.
   704 | D:1      | Found Ugibrudol's Magic Scroll Boutique.
   874 | D:2      | Reached XP level 3. HP: 18/25 MP: 6/6
   914 | D:2      | Learned a level 2 spell: Blink
  1053 | D:2      | Found Nottij's Jewellery Shop.
  1836 | D:3      | Reached XP level 4. HP: 30/30 MP: 7/7
  2021 | D:3      | Learned a level 2 spell: Passwall
  2254 | D:3      | Learned a level 3 spell: Frozen Ramparts
  2284 | D:3      | Slain by an orc wizard

Illustrated notes

Levels and vault maps discovered:
D:1:      zaba_arrival_water, layout_basic, serial_shops, shop,
          nicolae_shop_just_a_little_nook, shop
D:2:      minmay_evil_eye, layout_loops_ring, serial_shops, shop, serial_forest,
          infiniplex_forest_lined_room_, infiniplex_forest_lined_2,
          infiniplex_forest_clump_long, infiniplex_forest_clump_C,
          infiniplex_forest_straight_4, infiniplex_forest_clump_curved,
          infiniplex_forest_diagonal
D:3:      minmay_wonky_spiral, layout_loops_ring

Skill      XL: |  1  2 |
---------------+-------+-----
Stealth        | 1 2 |  2.7
Fighting       | |  2.9
Short Blades   | |  2.8
Throwing       | |  1.0
Dodging        | |  2.3
Spellcasting   | |  2.1
Translocations | |  3.1

Action                     |  1- 3 |  4- 6 || total
---------------------------+-------+-------++-------
  Melee: Short sword       |    88 |    39 ||   127
         Constrict         |    17 |     6 ||    23
         Tentacles         |    13 |     7 ||    20
   Stab: Sleeping          |    15 |     6 ||    21
 Armour: Skin              |     4 |     2 ||     6
  Dodge: Dodged            |    40 |    16 ||    56

Table legend: (Time is in decaauts)
 A = Elapsed time spent in this place.
 B = Non-inter-level travel time spent in this place.
 C = Inter-level travel time spent in this place.
 D = Time resting spent in this place.
 E = Time spent auto-exploring this place.
 F = Levels seen in this place.
 G = Mean time per level.
                   A        B        C        D        E       F      G
               +--------+--------+--------+--------+--------+-----+--------+
         Total |   2268 |   2229 |     39 |      0 |   1865 |   3 |  756.0 |
       Dungeon |   2268 |   2229 |     39 |      0 |   1865 |   3 |  756.0 |
               +--------+--------+--------+--------+--------+-----+--------+

Top non-repeatable levels by time:
     D:1: 861 daAuts
     D:2: 772 daAuts
     D:3: 633 daAuts
